[Event "Amateur Tournament (ATO)"]
[Site "Biel, Switzerland"]
[Date "2026.07.21"]
[Round "7.1"]
[White "Jahn, Thomas"]
[Black "Alexakis, Dimitrios"]
[Result "0-1"]
[TimeControl "90+30+30sec/move"]
[WhiteTitle "-"]
[BlackTitle "-"]
[WhiteFideId "34679430"]
[BlackFideId "4200527"]
[WhiteElo "1944"]
[BlackElo "1959"]

1. e4 c5 2. Nf3 d6 3. d4 cxd4 4. Nxd4 Nf6 5. Nc3 g6 6. Bc4 Bg7 7. Bb3 O-O 8. f3 Nc6 9. Be3 Bd7 10.
Qe2 Rc8 11. O-O-O Qa5 12. Kb1 Nxd4 13. Bxd4 b5 14. g4 b4 15. Nd5 Nxd5 16. Bxd5 Ba4 17. Bxg7 Rxc2 18. Qd3 Kxg7 19. b3 Rc3 20. Qd4+ e5 21. Qf2 Bb5 22.
g5 Bd3+ 23. Rxd3 Rxd3 24. Bc4 Rc3 25. f4 exf4 26. Qxf4 Qe5 27. Qh4 Rf3 28. Bd5 Rf4 29. Qg3 Rxe4 30. Bxe4 Qxe4+ 31. Kb2 Qxh1 0-1

[Event "Amateur Tournament (ATO)"]
[Site "Biel, Switzerland"]
[Date "2026.07.21"]
[Round "7.2"]
[White "Pinelli, Gian"]
[Black "Zhou, Abigail"]
[Result "0-1"]
[TimeControl "90+30+30sec/move"]
[WhiteTitle "-"]
[BlackTitle "-"]
[WhiteFideId "1348710"]
[BlackFideId "39922081"]
[WhiteElo "1824"]
[BlackElo "1831"]

1. e4 e6 2. d4 d5 3. Nd2 c5 4. exd5 exd5 5. Ngf3 Nc6 6. Bb5 Nf6 7. O-O Be7 8. dxc5 Bxc5 9. Re1+ Be6 10.
Nb3 Bb6 11. Nbd4 O-O 12. Bxc6 bxc6 13. Nxc6 Qc7 14. Nce5 Bf5 15. c3 Be4 16. h3 Rae8 17. Be3 Bxe3 18. Rxe3 Rxe5 19. Nxe5 Qxe5 20.
f3 Qg5 21. Qd4 Bf5 22. Re5 Qg6 23. h4 h6 24. h5 Qh7 25. Qxa7 Be6 26. a4 Qc2 27. Qf2 Qb3 28. Ra3 Qb8 29.
Qe2 Rd8 30. a5 d4 31. cxd4 Rxd4 32. Rb5 Qf4 33. Qe1 Rd2 34. Ra1 Bh3 35. Rb8+ Kh7 36. Qb1+ g6 37. hxg6+ Kg7 38. Rg8+ Nxg8 39.
Qe4 Rxg2+ 40. Kf1 Rxb2+ 0-1

[Event "Amateur Tournament (ATO)"]
[Site "Biel, Switzerland"]
[Date "2026.07.21"]
[Round "7.3"]
[White "Jud, Marc"]
[Black "Materia, Mario"]
[Result "1-0"]
[TimeControl "90+30+30sec/move"]
[WhiteTitle "-"]
[BlackTitle "-"]
[WhiteFideId "1309099"]
[BlackFideId "651082241"]
[WhiteElo "1991"]
[BlackElo "1857"]

1. d4 Nf6 2. Nf3 e6 3. c4 d5 4. e3 Be7 5. Bd3 O-O 6. O-O b6 7. cxd5 exd5 8. b3 Bb7 9. Bb2 Nbd7 10.
Nbd2 c5 11. Rc1 Rc8 12. Ne5 cxd4 13. exd4 Rxc1 14. Qxc1 Nxe5 15. dxe5 Ne4 16. Qc2 Qa8 17. Nxe4 dxe4 18. Bc4 Qc8 19.
Qe2 Qf5 20. Rd1 Bc5 21. a3 a5 22. Bd4 Bxd4 23. Rxd4 Qxe5 24. Qd2 Bc6 25. h3 Bb5 26. Bxb5 Qxb5 27. Qe3 f5 28. Rd6 Qe5 29.
Qxb6 f4 30. Qd4 Qxd4 31. Rxd4 Rb8 32. b4 axb4 33. axb4 Re8 34. Kf1 Kf7 35. f3 exf3 36. Rxf4+ Ke7 37. Rxf3 Rb8 38. Rf4 Rb5 39.
Ke2 Rd5 40. Ke3 g5 41. Rd4 Rf5 42. Rd2 Ke6 43. Rb2 Rb5 44. Kd4 Kd6 45. Kc4 Kc6 46. Rf2 Re5 47. Rf6+ Kc7 48. Rf7+ Kc6 49.
b5+ Kb6 50. Rf6+ Kb7 51. Rh6 Re7 52. Kd5 Re2 53. g4 Re3 54. Rxh7+ Kb6 55. Rh5 Rb3 56. Ke6 Rxb5 57. Kf6 Kc7 58.
Rxg5 Rb3 59. h4 Kd7 60. Kf7 1-0

[Event "Amateur Tournament (ATO)"]
[Site "Biel, Switzerland"]
[Date "2026.07.21"]
[Round "7.4"]
[White "Hofmann, Hans"]
[Black "Trubini, Timon"]
[Result "0-1"]
[TimeControl "90+30+30sec/move"]
[WhiteTitle "-"]
[BlackTitle "-"]
[WhiteFideId "1332503"]
[BlackFideId "1347799"]
[WhiteElo "1871"]
[BlackElo "1920"]

1. d4 Nf6 2. c4 g6 3. Nc3 Bg7 4. e4 d6 5. h3 O-O 6. Be3 e5 7. d5 a5 8. g4 Na6 9. Nge2 Nc5 10.
Ng3 b6 11. Be2 Ne8 12. g5 f5 13. gxf6 Bxf6 14. Qd2 Bh4 15. O-O-O Ng7 16. Rdg1 a4 17. Kb1 a3 18. b3 g5 19.
Rg2 h6 20. Qd1 Qf6 21. Nf1 Qg6 22. Nd2 Bd7 23. Ka1 Rf6 24. Nf3 Nxe4 25. Nxh4 Nxc3 26. Qd2 Qe4 27. Qxc3 Qxh4 28. Bg4 Bxg4 29. Rxg4 Qh5 30.
Qc1 Rf3 31. Qf1 Raf8 32. Qg2 Qf7 33. h4 Qf5 34. hxg5 Qc2 35. Rb1 Qc3+ 0-1

[Event "Amateur Tournament (ATO)"]
[Site "Biel, Switzerland"]
[Date "2026.07.21"]
[Round "7.5"]
[White "Materia, Matteo"]
[Black "Aegerter, Fabrice"]
[Result "1/2-1/2"]
[TimeControl "90+30+30sec/move"]
[WhiteTitle "-"]
[BlackTitle "-"]
[WhiteFideId "45150575"]
[BlackFideId "1344854"]
[WhiteElo "1825"]
[BlackElo "1915"]

1. d4 Nf6 2. g3 g6 3. Bg2 d5 4. Nf3 Bg7 5. O-O O-O 6. c4 c5 7. Nc3 cxd4 8. Qxd4 Nc6 9. Qh4 d4 10.
Rd1 Qa5 11. Nxd4 Ng4 12. Nxc6 bxc6 13. Qxe7 Bf6 14. Qe4 Qb6 15. Be3 Qxb2 16. Qxc6 Nxe3 17. fxe3 Qxc3 18. Qxa8 Qxe3+ 19. Kh1 Bxa1 20.
Rxa1 Be6 21. Qe4 Qxe4 22. Bxe4 Bxc4 23. Bd3 1/2-1/2

[Event "Amateur Tournament (ATO)"]
[Site "Biel, Switzerland"]
[Date "2026.07.21"]
[Round "7.6"]
[White "Bangerter, Ena"]
[Black "Maitre, Fabien"]
[Result "1-0"]
[TimeControl "90+30+30sec/move"]
[WhiteTitle "-"]
[BlackTitle "-"]
[WhiteFideId "1344102"]
[BlackFideId "1315471"]
[WhiteElo "1883"]
[BlackElo "1834"]

1. d4 f5 2. Bg5 g6 3. Nc3 Bg7 4. h4 h6 5. Bf4 Nf6 6. Nf3 d6 7. e3 Nh5 8. Bh2 a6 9. Bd3 d5 10.
g4 Nf6 11. Ne5 Nxg4 12. Nxg4 fxg4 13. Bxg6+ Kf8 14. f3 Bf6 15. fxg4 Bxh4+ 16. Kd2 Kg7 17. Bh5 Bf6 18. Qe2 Be6 19.
Raf1 Rf8 20. Qd3 Bf7 21. Bxf7 Rxf7 22. Bf4 Qe8 23. Bxh6+ Kg8 24. Qg6+ 1-0